 Dungeon Crawl Stone Soup version 0.27.1-34-g3ba077fa99 (webtiles) character file.

Game seed: 16464094572861918605

7 cbfl8 the Sneak (level 1, -1/20 HPs)
             Began as a Minotaur Delver on Jan 20, 2022.
             Slain by a gnoll (4 damage)
             ... on level 3 of the Dungeon.
             The game lasted 00:01:52 (188 turns).

cbfl8 the Sneak (Minotaur Delver)                    Turns: 188, Time: 00:01:52

Health: -1/20      AC:  3    Str: 16    XL:     1   Next: 91%
Magic:  0/0        EV: 11    Int:  7    God:
Gold:   0          SH:  0    Dex: 11    Spells: 0/0 levels left

rFire    . . .     SeeInvis .   a - +0 hand axe
rCold    . . .     Faith    .   (no shield)
rNeg     . . .     Spirit   .   b - +0 leather armour
rPois    .         Reflect  .   (helmet restricted)
rElec    .         Harm     .   (no cloak)
rCorr    .         Rampage  .   (no gloves)
Will     .....                  (no boots)
Stlth    ++........             (no amulet)
HPRegen  0.06/turn              (no ring)
MPRegen  0.07/turn              (no ring)

@: no status effects
A: horns 2, retaliatory headbutt
a: no special abilities


You were on level 3 of the Dungeon.
You visited 1 branch of the dungeon, and saw 3 of its levels.

Inventory:

Hand Weapons
 a - a +0 hand axe (weapon)
Armour
 b - a +0 leather armour (worn)
Wands
 f - a wand of charming (4)
 g - a wand of digging (3)
Scrolls
 d - a scroll of noise {unknown}
 e - a scroll of fear


   Skills:
 + Level 3.7 Fighting
 + Level 2.7 Axes
 + Level 2.2 Dodging
 + Level 4.2 Stealth


You couldn't memorise any spells.
You didn't know any spells.
Your spell library contained the following spells:

 Spells                   Type           Power      Damage    Failure   Level
 Passwall                 Tmut/Erth      0%         N/A       65%         2
 Swiftness                Air            0%         N/A       86%         3
 Invisibility             Hex            0%         N/A       100%        6


Dungeon Overview and Level Annotations

Branches:
Dungeon (5/15)
 Temple: D:4-7

Altars:


Innate Abilities, Weirdness & Mutations

You have a pair of horns on your head.
You reflexively headbutt those who attack you in melee.


Message History

The gnoll hits you from afar with a +0 spear.
Aiming: Charm
Press: ? - help, Shift-Dir - straight line, f - gnoll, p - gnoll
Aim: a gnoll, wielding a +0 spear (severely wounded, ally target, chance to affect: 54%)
The gnoll resists with significant effort.
Your gnoll hits the gnoll with a +0 spear.
The endoplasm hits your gnoll but does no damage.
The gnoll hits you from afar with a +0 spear.
Aiming: Charm
Press: ? - help, Shift-Dir - straight line, f/p - gnoll
Aim: a gnoll, wielding a +0 spear (almost dead, ally target, chance to affect: 54%)
The gnoll resists with significant effort.
Your gnoll closely misses the gnoll.
The gnoll hits you from afar with a +0 spear!
* * * LOW HITPOINT WARNING * * *
The endoplasm hits your gnoll.
As you read the scroll of fog, it crumbles to dust.
The scroll dissolves into smoke.
Your gnoll hits the gnoll with a +0 spear.
The gnoll dies!
Something hits your gnoll.
Aiming: Charm
Press: ? - help, Shift-Dir - straight line, f - gnoll
Aim: a gnoll, wielding a +0 spear (black smoke, moderately wounded, charmed, friendly, chance to affect: 54%)
The gnoll is no longer charmed.
The gnoll is charmed.
Your gnoll hits something with a +0 spear.
Your gnoll is frozen.
You feel a bit more experienced.
Aiming: Charm
Press: ? - help, Shift-Dir - straight line, f - gnoll
Aim: a gnoll, wielding a +0 flail (black smoke, chance to affect: 54%)
The gnoll resists with significant effort.
You see here 17 sling bullets.
Aiming: Charm
Press: ? - help, Shift-Dir - straight line, f/p - gnoll
Aim: a gnoll, wielding a +0 flail (black smoke, chance to affect: 54%)
The gnoll is charmed.
You swap places.
The gnoll hits you with a +0 spear.
You die...

... #.# #.# #.# ##'##
#.# ##...## #.#
##....g## ##.#
##.(....§## ##§.#
#.......J§####§..#######
+........g§§§§.§........
#........§####g@.#######
##.......## ##gg#
##.....## ##.### ##..)##
#...# ##'## ###.# #.#
#.# #.# #.# ##.#######
#.# ##...##...# #.#


You could see a gnoll and 2 friendly gnolls.

Vanquished Creatures
  An orc (D:3)
1 creature vanquished.

Vanquished Creatures (collateral kills)
  A gnoll (D:3)
  An endoplasm (D:3)
2 creatures vanquished.

Grand Total: 3 creatures vanquished

Notes
Turn   | Place    | Note
-------+----------+-------------------------------------------
     0 | D:5      | cbfl8 the Minotaur Delver began the quest for the Orb.
     0 | D:5      | Reached XP level 1. HP: 19/19 MP: 0/0
    62 | D:4      | Noticed an ogre
   188 | D:3      | Slain by a gnoll

Illustrated notes

Levels and vault maps discovered:
D:3:      layout_loops_corners, mainiacjoe_overflow_alcove_1
D:4:      layout_basic, overflow_temple_1_default, portal_sewer_entry_a,
          hangedman_decor_clover_reticule
D:5:      layout_loops_ring, serial_shops, nicolae_shop_overgrown_old_shop,
          dk_noncrumbling_2

Action                   || total
-------------------------++-------
Melee: Hand axe          ||     2
Evoke: Wand              ||     6
  Use: Scroll            ||     2
       Potion            ||     1
 Stab: Sleeping          ||     1
Dodge: Dodged            ||     1
